 Dungeon Sprint DCSS version 0.29-a0-330-g52719c12eb (webtiles) character file.

Game seed: 2963760560682964154

286 mhtbhm the Spear-Bearer (level 6, -2/55 (58) HPs)
             Began as a Merfolk Berserker on Apr 12, 2022.
             Was an Elder of Trog.
             Slain by a wyvern (8 damage)
             ... in the Dungeon (Sprint IX: "|||||||||||||||||||||||||||||").
             The game lasted 00:00:32 (240 turns).

mhtbhm the Spear-Bearer (Merfolk Berserker)          Turns: 240, Time: 00:00:33

HP:   -2/55 (58)    AC: 12    Str: 22    XL:     6   Next: 30%
MP:   6/6           EV: 10    Int:  9    God:    Trog [****..]
Gold: 0             SH:  0    Dex: 14    Spells: 5/5 levels left

rFire   . . .      SeeInvis .   a - +2 halberd (venom)
rCold   . . .      Faith    .   (shield currently unavailable)
rNeg    . . .      Spirit   .   b - +1 chain mail
rPois   .          Reflect  .   (no helmet)
rElec   .          Harm     .   l - +0 cloak
rCorr   .          Rampage  .   k - +0 pair of gloves
Will    .....      NoTele   +   (no boots)
Stlth   ..........              (no amulet)
HPRegen 0.18/turn               m - +3 ring of strength
MPRegen 0.10/turn               n - +3 ring of intelligence

@: on berserk cooldown, slowed, drained, very slow
A: (nimble swimmer 2), mertail
a: Renounce Religion, Berserk, Trog's Hand, Brothers in Arms


You were in the Dungeon.
You worshipped Trog.
Trog was greatly pleased with you.
You visited 1 branch

Inventory:

Hand Weapons
 a - a +2 halberd of venom (weapon)
Armour
 b - a +1 chain mail (worn)
 k - a +0 pair of gloves (worn)
 l - a +0 cloak (worn)
Jewellery
 m - a +3 ring of strength (left hand)
 n - a +3 ring of intelligence (right hand)
Wands
 j - a wand of acid (10)
Scrolls
 h - 2 scrolls of blinking
Potions
 c - 4 potions of curing
 d - 3 potions of heal wounds
 e - a potion of haste
 f - 4 potions of magic
 g - a potion of berserk rage
 i - a potion of invisibility


   Skills:
 + Level 9.1 Fighting
 + Level 11.6 Polearms
 + Level 3.2 Armour
 + Level 5.9 Dodging


You had 5 spell levels left.
You didn't know any spells.
Your spell library was empty.

Dungeon Overview and Level Annotations

Branches:
Dungeon (1/1)

Altars:
Cheibriados
Dithmenos
Elyvilon
Fedhas
Gozag
Hepliaklqana
Kikubaaqudgha
Makhleb
Nemelex Xobeh
Okawaru
Qazlal
Ru
Sif Muna
Trog
Uskayaw
Vehumet
Wu Jian
Xom
Yredelemnul
Zin
The Shining One
Beogh
Jiyva
Lugonu


Innate Abilities, Weirdness & Mutations

((You are very nimble when in or above water. (Stealth+, EV+, Speed+++)))
Your lower body shifts to a powerful aquatic tail in water.


Message History

The magic dart hits you but does no damage.
You miss something.
You hear some strange, mumbled words.
A magic dart appears from out of thin air!
The magic dart hits you but does no damage.
Something hits you but does no damage.
You feel drained.
You miss something.
You hear some strange, mumbled words.
A puff of flame appears from out of thin air!
The puff of flame hits you but does no damage.
You puncture something! Something hits you but does no damage.
You feel drained. Something hits you.
You feel drained.
You miss something. Something hits you but does no damage.
You feel drained.
You completely miss something. Something hits you but does no damage.
You feel drained.
You hear some strange, mumbled words.
A puff of flame appears from out of thin air!
The puff of flame hits you!
You slice something!! Trog accepts your kill.
Trog appreciates your killing of a magic user.
Reactivating autopickup.
You feel a bit more experienced.
The wyvern bites you but does no damage.
Your Fighting skill increases to level 9!
Unknown command.
Unknown command.
You barely miss the wyvern. The wyvern barely misses you. The wyvern bites you!
You hit the wyvern.
The wyvern is lightly wounded.
The wyvern bites you. The wyvern closely misses you.
You closely miss the wyvern.
The wyvern is lightly wounded.
The wyvern misses you. The wyvern bites you.
You barely miss the wyvern.
The wyvern is lightly wounded.
The wyvern bites you!
* * * LOW HITPOINT WARNING * * *
The wyvern bites you!
You die...

▓+▓
▓.▓
▓.▓
▓T▓
▓Y▓
▓Y▓
▓l▓
▓@▓
▓.▓
▓.▓
▓.▓
▓[▓
▓.▓
▓.▓
▓)▓
▓?▓


You could see 2 yaks, a troll and a wyvern.

Vanquished Creatures
  A wraith (D)
  A howler monkey (D)
  2 iguanas (D)
  An orc wizard (D)
  An adder (D)
  A shadow imp (D)
  2 bats (D)
  A giant cockroach (D)
  A hobgoblin (D)
  A frilled lizard (D)
12 creatures vanquished.

Notes
Turn   | Place    | Note
-------+----------+-------------------------------------------
     0 | D        | mhtbhm the Merfolk Berserker began the quest for the Orb.
     0 | D        | Reached XP level 1. HP: 18/18 MP: 1/1
    11 | D        | Reached ** piety under Trog
    18 | D        | Reached skill level 5 in Polearms
   121 | D        | Noticed an iguana
   121 | D        | Noticed an iguana
   121 | D        | Noticed a howler monkey
   126 | D        | Reached XP level 2. HP: 26/26 MP: 2/2
   127 | D        | Reached *** piety under Trog
   128 | D        | Reached skill level 5 in Fighting
   128 | D        | Reached skill level 6 in Polearms
   128 | D        | Reached XP level 3. HP: 33/33 MP: 3/3
   133 | D        | Reached skill level 7 in Polearms
   133 | D        | Reached XP level 4. HP: 40/40 MP: 4/4
   136 | D        | Reached skill level 8 in Polearms
   140 | D        | Reached XP level 5. HP: 48/48 MP: 5/5
   146 | D        | Found a snail-covered altar of Cheibriados.
   146 | D        | Found a shadowy altar of Dithmenos.
   146 | D        | Found a white marble altar of Elyvilon.
   146 | D        | Found a blossoming altar of Fedhas.
   146 | D        | Found an opulent altar of Gozag.
   147 | D        | Found a hazy altar of Hepliaklqana.
   148 | D        | Found a viscous altar of Jiyva.
   149 | D        | Found an ancient bone altar of Kikubaaqudgha.
   150 | D        | Found a corrupted altar of Lugonu.
   151 | D        | Found a burning altar of Makhleb.
   152 | D        | Found a sparkling altar of Nemelex Xobeh.
   153 | D        | Found an iron altar of Okawaru.
   154 | D        | Found a stormy altar of Qazlal.
   155 | D        | Found a sacrificial altar of Ru.
   156 | D        | Found a shimmering blue altar of Sif Muna.
   157 | D        | Found a bloodstained altar of Trog.
   158 | D        | Found a hide-covered altar of Uskayaw.
   159 | D        | Found a radiant altar of Vehumet.
   160 | D        | Found an ornate altar of the Wu Jian Council.
   161 | D        | Found a shimmering altar of Xom.
   162 | D        | Found a basalt altar of Yredelemnul.
   163 | D        | Found a glowing silver altar of Zin.
   164 | D        | Found a glowing golden altar of the Shining One.
   217 | D        | Noticed a troll
   217 | D        | Noticed a yak
   217 | D        | Noticed a yak
   217 | D        | Noticed a wyvern
   217 | D        | Noticed a wraith
   222 | D        | Killed a wraith
   222 | D        | Reached **** piety under Trog
   223 | D        | Reached skill level 11 in Polearms
   223 | D        | Reached skill level 5 in Dodging
   223 | D        | Reached XP level 6. HP: 57/57 MP: 6/6
   240 | D        | Slain by a wyvern

Illustrated notes

Levels and vault maps discovered:
D:        linesprint [early_d, line_temple, items_1, d_10, items_2, lair_1,
          lair_end, items_3, orc_1, orc_end, items_4, d_15, swamp_1, shoals_1,
          snake_1, spider_1, d_20, vaults_1, items_5, swamp_end, shoals_end,
          snake_end, spider_end, vaults_end, d_27, items_6, zot_1, zot_end,
          crypt_end, forest_end, elf_end, slime_end, tomb_end, abyss_end,
          pan_hell_end]

Skill      XL: |  1  2  3  4  5  6 |
---------------+-------------------+-----
Fighting       | 4 5 6 7 8 9 |  9.1
Dodging        | 3 4 5 |  5.9
Polearms       | 5 6 7 8 11 | 11.6
Armour         | 2 3 |  3.2

Action                   |  1- 3 |  4- 6 || total
-------------------------+-------+-------++-------
Melee: Spear             |    24 |     7 ||    31
       Halberd           |       |    18 ||    18
Invok: Berserk           |     1 |     1 ||     2
  Use: Potion            |       |     1 ||     1
Armor: Animal skin       |     5 |       ||     5
       Chain mail        |       |    14 ||    14
Dodge: Dodged            |     5 |     6 ||    11

Table legend: (Time is in decaauts)
 A = Elapsed time spent in this place.
 B = Non-inter-level travel time spent in this place.
 C = Inter-level travel time spent in this place.
 D = Time resting spent in this place.
 E = Time spent auto-exploring this place.
 F = Levels seen in this place.
 G = Mean time per level.
                   A        B        C        D        E       F      G
               +--------+--------+--------+--------+--------+-----+--------+
         Total |    241 |    241 |      0 |     98 |      3 |   1 |  241.0 |
       Dungeon |    241 |    241 |      0 |     98 |      3 |   1 |  241.0 |
               +--------+--------+--------+--------+--------+-----+--------+

Top non-repeatable levels by time:
       D: 241 daAuts
